TOP OF THE 1ST |
Eau Claire Esquires batting - Pitching for Saskatoon Smokin' Guns : LHP Macy Catron
|
Pitching: LHP Macy Catron
|
|
Batting: RHB Terry Perkins
|
0-0: Fly out, F5 (Line Drive, 5)
|
Batting: LHB Johnny Foley
|
0-0: Ball 1-0: Foul Ball, location: 2F 1-1: Ball 2-1: Foul Ball, location: 2F 2-2: Ball 3-2: Base on Balls
|
Batting: RHB Walter Brown
|
0-0: Called Strike 0-1: Ball 1-1: Ball 2-1: Foul Ball, location: 2F 2-2: Foul Ball, location: 2F 2-2: DOUBLE (Line Drive, 89M) Johnny Foley to third
|
Batting: RHB Fernando Castellanos
|
0-0: Ball 1-0: Called Strike 1-1: Swinging Strike 1-2: Foul Ball, location: 2F 1-2: Strikes out swinging
|
Batting: SHB José Gonzáles
|
0-0: Called Strike 0-1: Ball 1-1: Ball 2-1: Ball 3-1: Ground out 3-1 (Groundball, 34)
|
Top of the 1st over - 0 run(s), 1 hit(s), 0 error(s), 2 left on base; Eau Claire 0 - Saskatoon 0 |
BOTTOM OF THE 1ST |
Saskatoon Smokin' Guns batting - Pitching for Eau Claire Esquires : RHP Arthur López
|
Pitching: RHP Arthur López
|
|
Batting: RHB Henry Jackson
|
0-0: SINGLE (Groundball, 34D)
|
Batting: RHB Rijk de Rade
|
0-0: Ground out 5-3 (Groundball, 56S) Henry Jackson to second
|
Batting: LHB Alejandro Rojas
|
0-0: Called Strike 0-1: Ball 1-1: Ball 2-1: Fly out, F3 (Popup, 3L)
|
Batting: RHB César Rodríguez
|
0-0: Fly out, F7 (Flyball, 7)
|
Bottom of the 1st over - 0 run(s), 1 hit(s), 0 error(s), 1 left on base; Eau Claire 0 - Saskatoon 0 |
TOP OF THE 2ND |
Eau Claire Esquires batting - Pitching for Saskatoon Smokin' Guns : LHP Macy Catron
|
Batting: RHB Dennis Garner
|
0-0: Ball 1-0: Ground out 4-3 (Groundball, 4)
|
Batting: RHB Dave Anderson
|
0-0: Called Strike 0-1: Ball 1-1: Ball 2-1: Ball 3-1: Base on Balls
|
Batting: SHB Eitor Carocha
|
0-0: Ball 1-0: Swinging Strike 1-1: Foul Ball, location: 2F 1-2: Ball 2-2: Ball 3-2: Strikes out swinging
|
Batting: RHB Vincente Ramírez
|
0-0: Ball 1-0: Ball 2-0: Foul Ball, location: 2F 2-1: Ground out U3 (Groundball, 3L)
|
Top of the 2nd over - 0 run(s), 0 hit(s), 0 error(s), 1 left on base; Eau Claire 0 - Saskatoon 0 |
BOTTOM OF THE 2ND |
Saskatoon Smokin' Guns batting - Pitching for Eau Claire Esquires : RHP Arthur López
|
Batting: LHB Bo Rush
|
0-0: Ball 1-0: Ball 2-0: Called Strike 2-1: Ball 3-1: Base on Balls
|
Batting: LHB Rubén Salazar
|
0-0: Ball 1-0: Ball 2-0: Foul Ball, location: 2F 2-1: Foul Ball, location: 2F 2-2: Ball 3-2: Foul Ball, location: 2F 3-2: Fly out, F3 (Popup, 3L)
|
Batting: RHB Travis Colbert
|
0-0: Swinging Strike 0-1: Grounds into double play, 5-4-3 (Groundball, 56)
|
Bottom of the 2nd over - 0 run(s), 0 hit(s), 0 error(s), 0 left on base; Eau Claire 0 - Saskatoon 0 |
TOP OF THE 3RD |
Eau Claire Esquires batting - Pitching for Saskatoon Smokin' Guns : LHP Macy Catron
|
Batting: RHB Terry Perkins
|
0-0: Ball 1-0: DOUBLE (Line Drive, 7LM)
|
Batting: LHB Johnny Foley
|
0-0: Called Strike 0-1: Foul Ball, location: 2F 0-2: Foul Ball, location: 2F 0-2: Ball 1-2: Ball 2-2: Foul Ball, location: 2F 2-2: Foul Ball, location: 2F 2-2: Foul Ball, location: 2F 2-2: Strikes out swinging
|
Batting: RHB Walter Brown
|
0-0: Ball 1-0: Ball 2-0: Foul Ball, location: 2F 2-1: Ball 3-1: Foul Ball, location: 2F 3-2: Base on Balls
|
Batting: RHB Fernando Castellanos
|
0-0: Called Strike 0-1: Called Strike 0-2: Strikes out swinging
|
Batting: SHB José Gonzáles
|
0-0: Foul Ball, location: 2F 0-1: Ball 1-1: Ball 2-1: Foul Ball, location: 2F 2-2: Ball 3-2: Fly out, F9 (Flyball, 9S)
|
Top of the 3rd over - 0 run(s), 1 hit(s), 0 error(s), 2 left on base; Eau Claire 0 - Saskatoon 0 |
BOTTOM OF THE 3RD |
Saskatoon Smokin' Guns batting - Pitching for Eau Claire Esquires : RHP Arthur López
|
Batting: RHB Julián García
|
0-0: Foul Ball, location: 2F 0-1: Foul Ball, location: 2F 0-2: Ground out 6-3 (Groundball, 6)
|
Batting: LHB Carlos Perneta
|
0-0: Ball 1-0: Foul Ball, location: 2F 1-1: Ball 2-1: Ball 3-1: Base on Balls
|
Batting: RHB Henry Jackson
|
0-0: Called Strike Carlos Perneta steals 2nd base 0-1: Ball 1-1: Foul Ball, location: 2F 1-2: Fly out, F9 (Flyball, 9S)
|
Batting: RHB Rijk de Rade
|
0-0: Ball 1-0: Called Strike 1-1: Ball 2-1: SINGLE (Groundball, 56D) Carlos Perneta to third Runner from 3rd tries for Home, SAFE, no throw
|
Batting: LHB Alejandro Rojas
|
0-0: Ground out 4-3 (Groundball, 34D)
|
Bottom of the 3rd over - 1 run(s), 1 hit(s), 0 error(s), 1 left on base; Eau Claire 0 - Saskatoon 1 |
TOP OF THE 4TH |
Eau Claire Esquires batting - Pitching for Saskatoon Smokin' Guns : LHP Macy Catron
|
Batting: RHB Dennis Garner
|
0-0: SOLO HOME RUN (Flyball, 7D), Distance : 413 ft
|
Batting: RHB Dave Anderson
|
0-0: Called Strike 0-1: Foul Ball, location: 2F 0-2: Ball 1-2: Strikes out swinging
|
Batting: SHB Eitor Carocha
|
0-0: Ball 1-0: Called Strike 1-1: Foul Ball, location: 2F 1-2: Ball 2-2: Ball 3-2: Base on Balls
|
Batting: RHB Vincente Ramírez
|
0-0: Ball 1-0: Called Strike 1-1: Foul Ball, location: 2F 1-2: Ball 2-2: Fly out, F9 (Flyball, 9S)
|
Batting: RHB Terry Perkins
|
0-0: Fly out, F3 (Popup, 3L)
|
Top of the 4th over - 1 run(s), 1 hit(s), 0 error(s), 1 left on base; Eau Claire 1 - Saskatoon 1 |
BOTTOM OF THE 4TH |
Saskatoon Smokin' Guns batting - Pitching for Eau Claire Esquires : RHP Arthur López
|
Batting: RHB César Rodríguez
|
0-0: Ball 1-0: Called Strike 1-1: Foul Ball, location: 2F 1-2: Strikes out looking
|
Batting: LHB Bo Rush
|
0-0: Ball 1-0: Fly out, F8 (Line Drive, 8RM)
|
Batting: LHB Rubén Salazar
|
0-0: Fly out, F9 (Flyball, 89M)
|
Bottom of the 4th over - 0 run(s), 0 hit(s), 0 error(s), 0 left on base; Eau Claire 1 - Saskatoon 1 |
TOP OF THE 5TH |
Eau Claire Esquires batting - Pitching for Saskatoon Smokin' Guns : LHP Macy Catron
|
Batting: LHB Johnny Foley
|
0-0: Ball 1-0: Foul Ball, location: 2F 1-1: Ball 2-1: Ball 3-1: Swinging Strike 3-2: Fly out, F9 (Flyball, 89M)
|
Pitching: RHP Luis Mejía
|
|
Batting: RHB Walter Brown
|
0-0: Ball 1-0: Foul Ball, location: 2F 1-1: Fly out, F3 (Popup, 3L)
|
Batting: RHB Fernando Castellanos
|
0-0: Called Strike 0-1: Called Strike 0-2: Strikes out swinging
|
Top of the 5th over - 0 run(s), 0 hit(s), 0 error(s), 0 left on base; Eau Claire 1 - Saskatoon 1 |
BOTTOM OF THE 5TH |
Saskatoon Smokin' Guns batting - Pitching for Eau Claire Esquires : RHP Arthur López
|
Batting: RHB Travis Colbert
|
0-0: Foul Ball, location: 2F 0-1: Ball 1-1: Foul Ball, location: 2F 1-2: Ball 2-2: Ground out 4-3 (Groundball, 4)
|
Batting: RHB Julián García
|
0-0: Reached on error, E1 (Groundball, 13)
|
Batting: LHB Carlos Perneta
|
0-0: Ball 1-0: Ball 2-0: Ball 3-0: Base on Balls Julián García to second
|
Batting: RHB Henry Jackson
|
0-0: Swinging Strike 0-1: Ball 1-1: Swinging Strike 1-2: Grounds out, U3 (Groundball, 3L) Julián García to third
|
Batting: RHB Rijk de Rade
|
0-0: Fly out, F9 (Flyball, 89M)
|
Bottom of the 5th over - 0 run(s), 0 hit(s), 1 error(s), 2 left on base; Eau Claire 1 - Saskatoon 1 |
TOP OF THE 6TH |
Eau Claire Esquires batting - Pitching for Saskatoon Smokin' Guns : RHP Luis Mejía
|
Batting: SHB José Gonzáles
|
0-0: Called Strike 0-1: Foul Ball, location: 2F 0-2: Ball 1-2: Ball 2-2: Ball 3-2: Base on Balls
|
Batting: RHB Dennis Garner
|
0-0: Called Strike 0-1: Ball 1-1: Ball 2-1: Called Strike 2-2: Strikes out swinging
|
Batting: RHB Dave Anderson
|
0-0: Ball 1-0: Fielders Choice at 2nd, 4-6 (Groundball, 34)
|
Batting: SHB Eitor Carocha
|
0-0: Ball 1-0: Called Strike 1-1: Ball 2-1: Ball 3-1: Base on Balls Dave Anderson to second
|
Batting: RHB Vincente Ramírez
|
0-0: Ground out U3 (Groundball, 34)
|
Top of the 6th over - 0 run(s), 0 hit(s), 0 error(s), 2 left on base; Eau Claire 1 - Saskatoon 1 |
BOTTOM OF THE 6TH |
Saskatoon Smokin' Guns batting - Pitching for Eau Claire Esquires : RHP Arthur López
|
Batting: LHB Alejandro Rojas
|
0-0: Ground out 4-3 (Groundball, 4)
|
Batting: RHB César Rodríguez
|
0-0: Foul Ball, location: 2F 0-1: Fly out, F7 (Flyball, 7)
|
Batting: LHB Bo Rush
|
0-0: Ball 1-0: Called Strike 1-1: Foul Ball, location: 2F 1-2: Ball 2-2: Fly out, F8 (Flyball, 8RXD)
|
Bottom of the 6th over - 0 run(s), 0 hit(s), 0 error(s), 0 left on base; Eau Claire 1 - Saskatoon 1 |
TOP OF THE 7TH |
Eau Claire Esquires batting - Pitching for Saskatoon Smokin' Guns : RHP Luis Mejía
|
Pinch Hitting: RHB Ramón Ybarra
|
0-0: Foul Ball, location: 2F 0-1: Ball 1-1: Called Strike 1-2: Ball 2-2: Foul Ball, location: 2F 2-2: Foul Ball, location: 2F 2-2: Foul Ball, location: 2F 2-2: Fly out, F4 (Flyball, 34D)
|
Batting: LHB Johnny Foley
|
0-0: Ball 1-0: Ball 2-0: Ball 3-0: Base on Balls
|
Batting: RHB Walter Brown
|
0-0: Ball 1-0: Called Strike 1-1: Called Strike 1-2: Ball 2-2: Foul Ball, location: 2F 2-2: SINGLE (Groundball, 34D) Johnny Foley to second Runner from 2nd tries for 3rd, SAFE, throw made to third
|
Batting: RHB Fernando Castellanos
|
0-0: Ball 1-0: Ball 2-0: Fly out, F4 (Popup, 4MD)
|
Batting: SHB José Gonzáles
|
0-0: Ball 1-0: Fly out, F9 (Flyball, 9S)
|
Top of the 7th over - 0 run(s), 1 hit(s), 0 error(s), 2 left on base; Eau Claire 1 - Saskatoon 1 |
BOTTOM OF THE 7TH |
Saskatoon Smokin' Guns batting - Pitching for Eau Claire Esquires : RHP Arthur López
|
Now at 1B: Pancho Álvarez
|
|
Batting: LHB Rubén Salazar
|
0-0: Ground out 4-3 (Groundball, 4)
|
Pinch Hitting: RHB Xavier López
|
0-0: Fly out, F7 (Line Drive, 78S)
|
Pinch Hitting: SHB Michael Miller
|
0-0: Ball 1-0: Ground out 4-3 (Groundball, 4)
|
Bottom of the 7th over - 0 run(s), 0 hit(s), 0 error(s), 0 left on base; Eau Claire 1 - Saskatoon 1 |
TOP OF THE 8TH |
Eau Claire Esquires batting - Pitching for Saskatoon Smokin' Guns : RHP Luis Mejía
|
Now at SS: Xavier López
|
|
Now in CF: Michael Miller
|
|
Batting: RHB Dennis Garner
|
0-0: Called Strike 0-1: Swinging Strike 0-2: Ball 1-2: Ball 2-2: Fly out, F9 (Line Drive, 9)
|
Pitching: RHP Bernie Titus
|
|
Pinch Hitting: RHB Nelson Castro
|
0-0: Called Strike 0-1: Ball 1-1: Ball 2-1: Foul Ball, location: 2F 2-2: Foul Ball, location: 2F 2-2: Strikes out swinging
|
Batting: SHB Eitor Carocha
|
0-0: Ground out 4-3 (Groundball, 4)
|
Top of the 8th over - 0 run(s), 0 hit(s), 0 error(s), 0 left on base; Eau Claire 1 - Saskatoon 1 |
BOTTOM OF THE 8TH |
Saskatoon Smokin' Guns batting - Pitching for Eau Claire Esquires : RHP Arthur López
|
Now in RF: Nelson Castro
|
|
Batting: LHB Carlos Perneta
|
0-0: Called Strike 0-1: Ball 1-1: Called Strike 1-2: Foul Ball, location: 2F 1-2: Foul Ball, location: 2F 1-2: Ball 2-2: Fly out, F8 (Flyball, 89M)
|
Pinch Hitting: RHB Brendon Little
|
0-0: Swinging Strike 0-1: Ball 1-1: Swinging Strike 1-2: Strikes out swinging
|
Batting: RHB Rijk de Rade
|
0-0: Ball 1-0: Ball 2-0: Called Strike 2-1: Ball 3-1: Fly out, F9 (Flyball, 9S)
|
Bottom of the 8th over - 0 run(s), 0 hit(s), 0 error(s), 0 left on base; Eau Claire 1 - Saskatoon 1 |
TOP OF THE 9TH |
Eau Claire Esquires batting - Pitching for Saskatoon Smokin' Guns : RHP Bernie Titus
|
Now at 3B: Ben Fisher
|
|
Batting: RHB Vincente Ramírez
|
0-0: Called Strike 0-1: Foul Ball, location: 2F 0-2: Foul Ball, location: 2F 0-2: Foul Ball, location: 2F 0-2: Ball 1-2: Fly out, F9 (Flyball, 89S)
|
Batting: LHB Pancho Álvarez
|
0-0: Ball 1-0: Called Strike 1-1: Fly out, F8 (Line Drive, 78M)
|
Batting: LHB Johnny Foley
|
0-0: Ball 1-0: Ball 2-0: Ball 3-0: Base on Balls
|
Batting: RHB Walter Brown
|
0-0: Ball 1-0: Fielders Choice at 2nd, 6-4 (Groundball, 6)
|
Top of the 9th over - 0 run(s), 0 hit(s), 0 error(s), 0 left on base; Eau Claire 1 - Saskatoon 1 |
BOTTOM OF THE 9TH |
Saskatoon Smokin' Guns batting - Pitching for Eau Claire Esquires : RHP Arthur López
|
Pitching: RHP Robinson Alomar
|
|
Batting: LHB Alejandro Rojas
|
0-0: Foul Ball, location: 2F 0-1: Ball 1-1: Swinging Strike 1-2: Ball 2-2: Foul Ball, location: 2F 2-2: Foul Ball, location: 2F 2-2: Strikes out swinging
|
Batting: RHB César Rodríguez
|
0-0: Ball 1-0: Foul Ball, location: 2F 1-1: Foul Ball, location: 2F 1-2: Ball 2-2: Foul Ball, location: 2F 2-2: Foul Ball, location: 2F 2-2: Foul Ball, location: 2F 2-2: Ball 3-2: SINGLE (Groundball, 56D)
|
Batting: LHB Bo Rush
|
0-0: Called Strike César Rodríguez steals 2nd base 0-1: Ball 1-1: Intentional Walk
|
Batting: LHB Rubén Salazar
|
0-0: Foul Ball, location: 2F 0-1: Called Strike 0-2: Strikes out swinging
|
Batting: RHB Xavier López
|
0-0: SINGLE (Line Drive, 7LS) César Rodríguez to third Bo Rush to second Runner from 3rd tries for Home, SAFE, no throw
|
Thursday, March 30th, 2017 - OOTP Baseball 17.12 Build 75
|
|